Unix NetHack Version 5.0.0-0 post-release - last build Jun 10 2026 00:39:30 (3ee93aec679c4c4259841fe613dc97188e26a321,branch:main).

Game began 2026-07-06 05:16:37, ended 2026-07-10 05:46:40.

Brudee, chaotic female human Rogue

                -------------------------            -------------------------
                |...||.....|............|          |.|......|.....-..........|
     ----+--+-  ---.||...--|...^........|-----------.|......|.....|----|--...|
     |.......|    |.--...|.-.---------..|............---|---|.....|.-....-----
     |.-----.|    |.-|..--.---.......----.----------........|.....|.|........|
     |.-+|.|.-+-- |..|..|......-----......|        --*-----.---|---.|........|
  -+--(..-.|....----.----.-|--.|   ---.----    ------.-   |......^..|........|
  |....--|.----...........|..|.|   ---.|       |......|    --------.----------
  -+--...|....-|---.------|..|.-   |..*|       ----.--|           |........(..
     ---.|.......|-.|      --|%|   |.----         |.|.|           -------.----
       |.|.......|..|      |...----|....|         +.|.-----|...|        |.|..|
       |.-----+--|.--    ---.|..|..----.|       -----.....^|...--    ----.|..|
       |..|      |.|.    |...--^|.....|.-----   |.|...^..|.-....|    |....|..|
       --.|      +.@N    |....|.|.....-.....|   |.--------.-----|    |.--|-..|
  ---   +.|    ---.------|....|.--------.}}.-----...............------.|.....|
  ..-----.------.^.......---+-|..|     +........(.------|------........|.....|
  |.....*........-------...|  --.|     -----.-----|...^...    --------.|-----|
  ---------.------     ---.|   |.|         |.|    |......---........|-.-.....|
                         |.-----.|         |.+    ---...^...........-..|.....|
                         +.....^.|         |.|      |....|..........|-.|.....|
                         ---------         ->-      ------        ---  -------
Brudee the Pilferer     St:18/02 Dx:17 Co:18 In:15 Wi:16 Ch:9  Chaotic S:69771
Home 1 $:774 HP:0(96) Pw:56(56) AC:1  Xp:13/45027 T:18837  Burdened

Latest messages:
 The guardian naga touches you!
 The guardian naga brushes against you.
 The guardian naga bites!
 You are frozen by the guardian naga!
 The guardian naga touches you!
 The guardian naga brushes against you.
 The guardian naga bites!
 The guardian naga touches you!
 The guardian naga brushes against you.
 The guardian naga bites!
 The guardian naga touches you!
 The guardian naga brushes against you.
 You can move again.
 What do you want to wield? [- djuPS or ?*] ?
 P - the blessed +3 Sting (weapon in right hand).
 The guardian naga bites!
 The guardian naga touches you!
 The guardian naga brushes against you.
 The guardian naga bites!
 The guardian naga touches you!
 The guardian naga brushes against you.
 You hit the guardian naga!
 The guardian naga bites!
 The guardian naga touches you!
 The guardian naga brushes against you.
 You hit the guardian naga!
 The guardian naga bites!
 You are frozen by the guardian naga!
 The guardian naga touches you!
 The guardian naga brushes against you.
 The guardian naga bites!
 The guardian naga touches you!
 The guardian naga coils itself around you!
 The guardian naga bites!
 You are being crushed.
 The guardian naga bites!
 You are being crushed.
 The guardian naga bites!
 You are being crushed.
 The guardian naga bites!
 You are being crushed.
 The guardian naga bites!
 You are being crushed.
 The guardian naga bites!
 You are being crushed.
 The guardian naga bites!
 You are being crushed.
 You die...
 Do you want your possessions identified? [ynq] (y) y
 Do you want to see your attributes? [ynq] (y) q

Inventory:
 Coins    ('$')
  $ - 774 gold pieces
 Amulets  ('"')
  X - an uncursed amulet of reflection (being worn)
 Weapons  (')')
  j - a +0 dagger
  P - the blessed +3 Sting (weapon in right hand)
  S - the fireproof +3 Orcrist
 Armor    ('[')
  y - an uncursed burnt +0 elven leather helm
  o - a blessed +0 pair of gauntlets of power
  p - an uncursed +0 pair of iron shoes
  C - an uncursed -2 pair of levitation boots
  g - an uncursed -2 robe
 Comestibles  ('%')
  a - 6 blessed eucalyptus leaves
 Scrolls  ('?')
  E - an uncursed scroll of blank paper
 Potions  ('!')
  N - 2 uncursed potions of invisibility
  R - 4 uncursed potions of object detection
 Rings    ('=')
  O - an uncursed ring of aggravate monster
  J - an uncursed ring of cold resistance
  z - an uncursed ring of regeneration
 Wands    ('/')
  v - a wand of digging (0:5)
  H - a wand of digging (0:1)
  W - a wand of enlightenment (0:12)
  q - a wand of magic missile (0:4)
  T - a wand of magic missile (0:2)
  D - a wand of make invisible (0:7)
  A - a wand of polymorph (0:5)
  l - a wand of sleep (0:6)
  Q - a wand of speed monster (0:4)
  x - a wand of striking (0:4)
  m - a wand of striking (0:2)
  Y - a wand of striking (0:0)
  Z - a wand of teleportation (0:3)
  e - a wand of undead turning (0:6)
  B - a wand of undead turning (1:2)
 Tools    ('(')
  i - a blessed bag of holding containing 66 items
  r - an uncursed blindfold
  f - an uncursed lock pick
  b - an uncursed oil lamp
  d - a +0 pick-axe
  u - a +0 unicorn horn
 Gems/Stones  ('*')
  c - an uncursed diamond
  k - an uncursed emerald
  M - an uncursed ruby
  w - an uncursed flint stone
  V - a blessed luckstone
  t - an uncursed luckstone
  G - a blessed touchstone

Contents of the bag of holding:
  1999 gold pieces
  an uncursed amulet of unchanging
  an uncursed +0 helm of caution
  an uncursed +0 pair of low boots
  an uncursed burnt +0 cloak of invisibility
  an uncursed +0 mummy wrapping
  an uncursed pizzabox
  an uncursed clove of garlic
  2 blessed eucalyptus leaves
  4 uncursed food rations
  an uncursed fortune cookie
  an uncursed lembas wafer
  7 uncursed oranges
  2 uncursed pancakes
  3 uncursed tripe rations
  an uncursed egg
  an uncursed lizard corpse
  an uncursed scroll of blank paper
  2 blessed scrolls of charging
  2 uncursed scrolls of confuse monster
  an uncursed scroll of create monster
  a blessed scroll of destroy armor
  a blessed scroll of earth
  an uncursed scroll of earth
  a blessed scroll of fire
  an uncursed scroll of food detection
  an uncursed scroll of gold detection
  2 uncursed scrolls of light
  an uncursed scroll of light
  2 uncursed scrolls of remove curse
  an uncursed scroll of scare monster
  3 uncursed scrolls of teleportation
  an uncursed spellbook of chain lightning
  an uncursed spellbook of create monster
  an uncursed spellbook of haste self
  an uncursed spellbook of knock
  an uncursed spellbook of light
  an uncursed spellbook of polymorph
  an uncursed spellbook of remove curse
  an uncursed spellbook of slow monster
  an uncursed potion of extra healing
  an uncursed potion of fruit juice
  an uncursed potion of hallucination
  a cursed potion of healing
  an uncursed potion of oil
  3 uncursed potions of paralysis
  2 uncursed potions of sickness
  2 uncursed potions of sleeping
  an uncursed potion of speed
  3 potions of holy water
  an uncursed +1 ring of gain constitution
  an uncursed ring of hunger
  an uncursed ring of polymorph
  a cursed ring of polymorph
  an uncursed ring of see invisible
  an uncursed ring of stealth
  an uncursed ring of teleportation
  an uncursed ring of warning
  a wand of light (0:13)
  a wand of magic missile (0:5)
  a wand of magic missile (0:5)
  a wand of polymorph (0:4)
  a wand of stasis (0:2)
  an empty uncursed sack
  an uncursed tooled horn
  an uncursed tallow candle

Brudee the Rogue's attributes:

Background:
 You were a Pilferer, a level 13 female human Rogue.
 You were chaotic, on a mission for Kos
 who was opposed by Issek (lawful) and Mog (neutral).
 You were right-handed.
 You were in the Quest, on level 1.
 You entered the dungeon 18837 turns ago.
 It was nighttime.
 You had 45027 experience points, 34973 more were needed to attain level 14.
 Your score was 69771 before end-of-game adjustments.

Basics:
 You had 0 out of 96 hit points.
 You had all 56 energy points (spell power).
 Your armor class was 1.
 Your wallet contained 774 zorkmids, and
 you had 1999 more stashed away in your pack.
 Autopickup was on for '$"?+!=/' plus thrown.

Final Characteristics:
 Your strength was 18/02 (limit:18/100).
 Your dexterity was 17 (peak:18, limit:18).
 Your constitution was 18 (limit:18).
 Your intelligence was 15 (limit:18).
 Your wisdom was 16 (limit:18).
 Your charisma was 9 (limit:18).

Final Status:
 You were held by a guardian naga (east).
 You weren't hungry.
 You were burdened; movement was slightly slowed.
 You were wielding a dagger.
 You had expert skill with dagger.
 You weren't wearing any armor.

Final Attributes:
 You were piously aligned.
 You were cold resistant.
 You were sleep resistant.
 You were disintegration resistant.
 You were shock resistant.
 You were poison resistant.
 You saw invisible.
 You were telepathic.
 You were aware of the presence of orcs.
 You had automatic searching.
 You were invisible to others.
 You were stealthy.
 You had a moderate defense bonus (+9).
 You were warded.
 You were fast.
 You had reflection.
 You were extremely lucky.
 You had extra luck.
 Good luck did not time out for you.
 You are dead.

Miscellaneous:
 You encountered 1 bones level.
 Total elapsed playing time was 5 hours and 29 minutes.

Major events:
 Turn
    1: Brudee the chaotic female human Rogue entered the dungeon
  254: entered the Gnomish Mines
  270: attained the rank of Cutpurse (level 3)
  299: became literate by naming Sting
 1043: reached Mine Town
 1053: attained the rank of Rogue (level 6)
 1185: performed her first genocide (mind flayers)
 2220: entered Sokoban
 4236: killed Kipawa, the general store proprietor
 6088: completed 1st Sokoban level
 6483: completed 2nd Sokoban level
 6840: completed 3rd Sokoban level
 7480: completed 4th Sokoban level
 7659: acquired the Sokoban amulet of reflection
 8652: attained the rank of Pilferer (level 10)
11571: was bestowed with Orcrist by Kos
14439: killed Rellenk, the hardware store proprietor
14478: killed Izchak, the lighting store proprietor
14514: killed Pemboeang, the delicatessen proprietor
15658: acquired the Mines' End luckstone
16931: Wonotobo, the general store proprietrix, has been killed
17411: entered Home 1, the Quest
18837: killed by a guardian naga, while paralyzed

Spells:
 Name                 Level Category     Fail Retention
 magic missile          2   attack        37%    1%-25%
 healing                1   healing       27%    1%-25%

Skills:
 Fighting Skills
   bare handed combat [Unskilled]
   two weapon combat  [Expert]
   riding             [Unskilled]
 Weapon Skills
   dagger             [Expert]
   knife              [Unskilled]
   short sword        [Basic]
   broadsword         [Basic]
   long sword         [Unskilled]
   two-handed sword   [Unskilled]
   saber              [Unskilled]
   club               [Unskilled]
   mace               [Unskilled]
   morning star       [Unskilled]
   flail              [Unskilled]
   hammer             [Unskilled]
   polearms           [Unskilled]
   spear              [Unskilled]
   crossbow           [Unskilled]
   dart               [Unskilled]
   shuriken           [Unskilled]
 Spellcasting Skills
   divination spells  [Unskilled]
   escape spells      [Unskilled]
   matter spells      [Unskilled]

Voluntary challenges:
 Character rerolling was not enabled.
 You genocided 1 type of monster.
 You never polymorphed an object.
 You used no wishes.
 You did not violate any of the special Sokoban rules.
Achievements:
 You entered the Gnomish Mines.
 You attained the rank of Cutpurse.
 You entered Minetown.
 You attained the rank of Rogue.
 You entered a temple.
 You entered a shop.
 You entered Sokoban.
 You completed Sokoban.
 You attained the rank of Pilferer.
 You completed the Gnomish Mines.

 The Dungeons of Doom: levels 1 to 17
    Level 1:
       A fountain.
    Level 2:
       A sink.
    Level 3:
       Stairs down to The Gnomish Mines.
    Level 4:
    Level 5:
       A grave.
    Level 6:
       Many fountains.
       Oracle of Delphi.
    Level 7:
       Stairs up to Sokoban, level 6.
    Level 8:
       A general store, some fountains.
    Level 9:
    Level 10:
       Many fountains, a sink, a grave.
       Final resting place for
          merpish-Arc-Dwa-Mal-Law, killed by a Woodland-elf.
    Level 11:
    Level 12:
       An altar to Kos, some fountains.
    Level 13:
       Summoned by the Master of Thieves.
       Portal to The Quest.
    Level 14:
       A temple and an altar.
    Level 15:
       A fountain, many trees.
    Level 16:
       A grave.
    Level 17:
       A primitive area.
 The Gnomish Mines: levels 4 to 11
    Level 4:
    Level 5:
    Level 6:
       Many shops, a temple and an altar, many fountains.
    Level 7:
    Level 8:
    Level 9:
    Level 10:
    Level 11:
       Some fountains.
 The Quest:
    Level 1: <- You were here.
       Home.
       Final resting place for
          you, killed by a guardian naga, while paralyzed.
 Sokoban: levels 6 up to 3
    Level 3:
       Solved.
    Level 4:
       Solved.
    Level 5:
       Solved.
    Level 6:
       Solved.


Vanquished creatures:
 an iron golem
  3 black dragons
  2 guardian nagas
  a vampire leader
  5 shopkeepers
 an aligned cleric
  a vampire
  a watch captain
  a ghost
  2 queen bees
  3 giant mimics
  2 fire giants
  a flesh golem
  a large mimic
  a stalker
 an earth elemental
  a water elemental
  a black naga
  a giant zombie
 an elf-noble
  3 wargs
  a winter wolf
  5 small mimics
  a glass piercer
  3 warhorses
  a xan
  2 ettin mummies
  3 quantum mechanics
  2 trolls
  a sasquatch
  a wood golem
  a freezing sphere
  2 flaming spheres
  a large cat
  3 tigers
  2 gargoyles
  2 dwarf rulers
  a tengu
 an ochre jelly
  3 energy vortices
  a human mummy
  a python
  2 cobras
  2 wraiths
  a carnivorous ape
 an ettin zombie
  2 Grey-elves
  a soldier
  4 watchmen
 an amorous demon
 11 chameleons
  a crocodile
  3 giant beetles
  2 quivering blobs
  2 cockatrices
  4 wolves
  2 winter wolf cubs
  2 lynxes
  5 gremlins
  2 spotted jellies
 16 leprechauns
 an iron piercer
  7 giant spiders
  a scorpion
  2 horses
 an ice vortex
  2 black lights
  2 vampire bats
  2 forest centaurs
  4 gnome rulers
  2 orc mummies
  3 dwarf mummies
  3 ogres
  2 rust monsters
  5 owlbears
  a yeti
  a gold golem
  2 werewolves
  2 Green-elves
  8 lizards
  a chickatrice
  a dingo
  a dog
  4 jaguars
  a dwarf leader
  2 blue jellies
  3 white unicorns
  a gray unicorn
  a black unicorn
  7 dust vortices
  3 ravens
  4 gnome mummies
  5 snakes
 an ape
  3 human zombies
  a rope golem
  3 Woodland-elves
  4 fire ants
  2 bugbears
  6 wood nymphs
 14 water nymphs
  3 mountain nymphs
  4 Mordor orcs
  2 orc shamans
  8 rock piercers
  a rock mole
  3 ponies
  2 fog clouds
  2 yellow lights
  3 violet fungi
 18 gnome leaders
  4 gnomish wizards
  a red naga hatchling
  4 gray oozes
 an elf zombie
  a ghoul
  a straw golem
 43 giant ants
  2 little dogs
 11 floating eyes
 20 dwarves
  2 homunculi
  6 kobold leaders
  a kobold shaman
  5 hill orcs
 13 rothes
  2 rabid rats
  a centipede
  3 giant bats
  3 monkeys
  2 dwarf zombies
  a wererat
  a werejackal
  3 iguanas
 23 killer bees
  6 acid blobs
  a coyote
  2 gas spores
  4 hobbits
  3 large kobolds
  a hobgoblin
  6 giant rats
  5 cave spiders
  3 brown molds
  2 yellow molds
  a green mold
 56 gnomes
  5 garter snakes
  3 gnome zombies
  5 geckos
  6 jackals
  a fox
  3 kobolds
  4 goblins
  4 sewer rats
  8 grid bugs
  a bat
  8 lichens
  2 kobold zombies
  5 newts
600 creatures vanquished.

Genocided species:
 mind flayers
1 species genocided.

Game over:
                       ----------
                      /          \
                     /    REST    \
                    /      IN      \
                   /     PEACE      \
                  /                  \
                  |      Brudee      |
                  |     2773 Au      |
                  |   killed by a    |
                  |  guardian naga   |
                  |                  |
                  |                  |
                  |       2026       |
                 *|     *  *  *      | *
        _________)/\\_//(\/(/\)/\//\/|_)_______

Goodbye Brudee the Rogue...

You died in The Quest on dungeon level 1 with 69494 points,
and 2773 pieces of gold, after 18837 moves.
You were level 13 with a maximum of 96 hit points when you died.

